 Dungeon Crawl Stone Soup version 0.28-a0-1429-gf3d713df7a (webtiles) character file.

Game seed: 968920685752169498

18 HallandMoats the Skirmisher (level 2, -10/26 HPs)
             Began as a Ghoul Chaos Knight on Jan 8, 2022.
             Was a Plaything of Xom.
             Mangled by a chaos spawn (15 damage)
             ... summoned by Xom
             ... on level 2 of the Dungeon.
             The game lasted 00:01:15 (979 turns).

HallandMoats the Skirmisher (Ghoul Chaos Knight)     Turns: 979, Time: 00:01:17

Health: -10/26     AC:  5    Str: 15    XL:     2   Next: 66%
Magic:  1/1        EV: 11    Int:  7    God:    Xom [......]
Gold:   52         SH:  0    Dex:  8    Spells: 1/1 levels left

rFire   . . .      SeeInvis .   a - +0 hand axe (chaos)
rCold   + . .      Faith    .   (no shield)
rNeg    + + +      Spirit   .   b - +2 leather armour
rPois   ∞          Reflect  .   (no helmet)
rElec   .          Harm     .   (no cloak)
rCorr   .          Rampage  .   (no gloves)
Will    .....                   (no boots)
Stlth   +.........              (no amulet)
HPRegen 0.00/turn               (no ring)
MPRegen 0.07/turn               (no ring)

@: mighty, spiked, inhibited regen
A: claws 1, cold resistance 1, negative energy resistance 3, inhibited
regeneration, torment resistance 2
a: Renounce Religion


You were on level 2 of the Dungeon.
You worshipped Xom.
You were a very special plaything of Xom.
You visited 1 branch of the dungeon, and saw 2 of its levels.

You collected 52 gold pieces.

Inventory:

Hand Weapons
 a - a +0 hand axe of chaos (weapon)
Armour
 b - a +2 leather armour (worn)
Potions
 c - a potion of might


   Skills:
 + Level 3.5 Fighting
 + Level 2.9 Axes
 + Level 2.1 Armour
 + Level 1.3 Dodging


You had one spell level left.
You didn't know any spells.
Your spell library was empty.

Dungeon Overview and Level Annotations

Branches:
Dungeon (2/15)

Altars:


Innate Abilities, Weirdness & Mutations

You thrive by killing the living.
You are immune to poison.
You have sharp fingernails.
Your flesh is cold resistant. (rC+)
You are immune to negative energy. (rN+++)
You do not regenerate when monsters are visible.
You are immune to unholy pain and torment.


Message History

An adder comes into view.
Found 17 stones and 13 gold pieces.
The adder hisses angrily.
There are monsters nearby!
Found 12 gold pieces and a club. "Time to have some fun!"
The rat twitches its whiskers.
The adder bites you but does no damage.
There are monsters nearby!
You hit the adder.
The adder seems to grow stronger.
The adder is lightly wounded.
The adder bites you.
The red devil hits you from afar with a +0 trident.
Barbed spikes become lodged in your body.
There are monsters nearby!
You barely miss the adder.
The adder is lightly wounded.
You miss the chaos spawn. You hit the rat. You freeze the rat.
You kill the rat!
You feel better. The adder closely misses you.
The red devil hits you from afar with a +0 trident!
Ouch! That really hurt!
* * * LOW HITPOINT WARNING * * *
Barbed spikes become lodged in your body.
The chaos spawn misses you. The adder barely misses you.
The barbs in your skin will harm you if you move.
Continue? [Y]es or [N]o only, please.
The barbs in your skin will harm you if you move.
Continue?
Okay, then.
The barbs in your skin will harm you if you move.
Continue?
Okay, then.
Unknown command.
It was a potion of might.
You feel very mighty all of a sudden.
Xom roars with laughter!
The adder barely misses you. The red devil barely misses you.
The chaos spawn hits you!
Ouch! That really hurt!
You die...
Xom guffaws!

.....# ....#
....+ ...# ...
. # ####.#
#..#.#....#
#........<#
#....4.@#.#
$.....4S+...
........#.##..
).......+..
(..
#.......#.# #.
.$.#.......
........#.#
........#


You could see a chaos spawn (summoned), a red devil (summoned) and an adder
(strong).

Vanquished Creatures
  A dart slug (D:1)
  A bat (D:1)
  3 hobgoblins (D:1)
  3 kobolds (D:1)
  3 quokkas (D:1)
  2 ball pythons (D:1)
  A frilled lizard (D:1)
  A rat (D:2)
15 creatures vanquished.

Notes
Turn   | Place    | Note
-------+----------+-------------------------------------------
     0 | D:1      | HallandMoats the Ghoul Chaos Knight began the quest for the
                  | Orb.
     0 | D:1      | Reached XP level 1. HP: 19/19 MP: 0/0
   116 | D:1      | Reached skill level 1 in Dodging
   534 | D:1      | Reached XP level 2. HP: 26/26 MP: 1/1
   541 | D:1      | XOM: noise
   620 | D:1      | Found a faded altar of an unknown god.
   771 | D:1      | XOM: summons 1 hostile shadow creature
   976 | D:2      | XOM: summons 2 hostile demons
   977 | D:2      | Noticed a red devil
   977 | D:2      | Noticed a chaos spawn
   979 | D:2      | Mangled by a chaos spawn

Illustrated notes

Levels and vault maps discovered:
D:1:      lemuel_arrival_river_bridge, layout_rooms,
          dreamdust_ecumenical_altar_angels_and_demons
D:2:      kb_forest_paths, layout_basic

Skill      XL: |  1  2 |
---------------+-------+-----
Dodging        | 1 |  1.3
Armour         | 2 |  2.1
Fighting       | |  3.5
Axes           | |  2.9

Action                   || total
-------------------------++-------
Melee: Hand axe          ||    53
  Use: Scroll            ||     1
       Potion            ||     1
Armor: Leather armour    ||    24
Dodge: Dodged            ||    46

Table legend: (Time is in decaauts)
 A = Elapsed time spent in this place.
 B = Non-inter-level travel time spent in this place.
 C = Inter-level travel time spent in this place.
 D = Time resting spent in this place.
 E = Time spent auto-exploring this place.
 F = Levels seen in this place.
 G = Mean time per level.
                   A        B        C        D        E       F      G
               +--------+--------+--------+--------+--------+-----+--------+
         Total |    992 |    934 |     58 |    225 |    542 |   2 |  496.0 |
       Dungeon |    992 |    934 |     58 |    225 |    542 |   2 |  496.0 |
               +--------+--------+--------+--------+--------+-----+--------+

Top non-repeatable levels by time:
     D:1: 759 daAuts
     D:2: 232 daAuts
